 Dungeon Crawl Stone Soup version 0.31-a0-233-g139696dc86 (webtiles) character file.

Game seed: 17329703996898436430

302 quinnr the Conjurer (level 6, -1/32 HPs)
             Began as a Tengu Conjurer on July 8, 2023.
             Slain by an ice beast (11 damage)
             ... on level 5 of the Dungeon.
             The game lasted 00:07:41 (3973 turns).

quinnr the Conjurer (Tengu Conjurer)                Turns: 3973, Time: 00:07:42

Health: -1/32      AC:  2    Str:  7    XL:     6   Next: 37%
Magic:  1/13       EV: 15    Int: 20    God:
Gold:   246        SH:  0    Dex: 13    Spells: 3/13 levels left

rFire   . . .        g - +0 dagger (elec)
rCold   . . .        (no shield)
rNeg    . . .        a - +0 robe
rPois   .            (helmet restricted)
rElec   .            (no cloak)
rCorr   .            (no gloves)
SInv    .            (boots unavailable)
Will    .....        (no amulet)
Stlth   ++           (no ring)
HPRegen 0.25/turn    (no ring)
MPRegen 0.13/turn

%: no passive effects
@: flying quickly and evasively, quick
A: beak, talons 3, nimble flight
a: no special abilities


You were on level 5 of the Dungeon.
You visited 1 branch of the dungeon, and saw 5 of its levels.

You collected 246 gold pieces.


Innate Abilities, Weirdness & Mutations

You have a beak for a mouth.
You have claws for feet.
Your magical nature lets you fly swiftly and evasively.


   Skills:
 - Level 3.0 Dodging
 + Level 3.3 Stealth
 - Level 4.0 Spellcasting
 + Level 6.3 Conjurations
 + Level 1.7 Hexes


You had 3 spell levels left.
You knew the following spells:

 Your Spells              Type           Power      Damage    Failure   Level
d - Dazzling Flash        Conj/Hex       40%        N/A       8%          3
f - Fulminant Prism       Conj/Hex       10%        3d8       24%         4
m - Magic Dart            Conj           100%       1d8       1%          1
s - Searing Ray           Conj           58%        2d6       1%          2

Your spell library contained the following spells:

 Spells                   Type           Power      Damage    Failure   Level
 Apportation              Tloc           8%         N/A       13%         1
 Necrotise                Necr           16%        1d4       13%         1
 Summon Small Mammal      Summ           16%        N/A       13%         1
 Iskenderun's Mystic Bla  Conj/Tloc      16%        2d5       34%         4

Inventory:

Hand Weapons
 g - a +0 dagger of electrocution (weapon)
Armour
 a - a +0 robe (worn)
Scrolls
 c - 2 scrolls of identify {unknown}
 i - a scroll of vulnerability {unknown}
 l - a scroll of blinking {unknown}
 n - a scroll of silence {unknown}
Potions
 b - a potion of magic
 d - 4 potions of attraction {unknown}
 e - 2 potions of berserk rage {unknown}
 f - a potion of degeneration {unknown}
 h - a potion of ambrosia {unknown}
 j - a potion of haste {unknown}
 k - 2 potions of might {unknown}
 m - a potion of mutation {unknown}

Dungeon Overview and Level Annotations

Branches:
Dungeon (5/15)
 Temple: D:4-7

Altars:
Gozag
Xom

Annotations:
D:4 exclusion: downstairs

#...................#
#.#################.#
#.#...............#.#
######.#.#############.#.#
....<#.#............##.#.#
.#####.############.##.#.#
.......# #..##.#.#
.....### ########..##.#.#
.....# #....Y@...##.#.#
.....# #.######..##.#.#
>##### #...Y.#<..##.#.# .#
#####.#...##.#.# .#
#.#...##.#.# .
#Y#...##.#.# #.#...##.#.#
#.#...#..#.# #.#...#[##.##


You could see an ice beast.


Message History

The ice beast is moderately wounded. (Press . to maintain the ray.)
The ice beast barely misses you.
The searing ray hits the ice beast.
The ice beast is heavily wounded.
The ice beast completely misses you.
The searing ray hits the ice beast.
The ice beast is heavily wounded.
The ice beast hits you. The ice beast freezes you!
The searing ray misses the ice beast.
You finish channelling your searing ray.
The ice beast closely misses you.
Unknown command.
Casting: Searing Ray (safe; 1% risk of failure)
Confirm with . or Enter, or press ? or * to list all spells.
Aiming: Searing Ray (safe; 1% risk of failure)
Press: ? - help, Shift-Dir - straight line, f/p - ice beast
Aim: an ice beast (heavily wounded, 79% to hit)
The searing ray hits the ice beast.
The ice beast is severely wounded. (Press . to maintain the ray.)
The ice beast hits you. The ice beast freezes you!
* * * LOW HITPOINT WARNING * * *
Unknown command.
The searing ray hits the ice beast.
The ice beast is severely wounded.
The ice beast hits you.
* * * LOW HITPOINT WARNING * * *
The ice beast freezes you!
You die...

Skill      XL: |  1  2  3  4  5 |
---------------+----------------+-----
Spellcasting   | 3 4 |  4.0
Dodging        | 3 |  3.0
Hexes          | 1 |  1.7
Stealth        | 3 |  3.3
Conjurations   | 6 |  6.3

Action                     |  1- 3 |  4- 6 || total
---------------------------+-------+-------++-------
  Melee: Unarmed           |     4 |       ||     4
         Kick              |     1 |       ||     1
         Punch             |     1 |       ||     1
         Dagger            |       |     2 ||     2
   Cast: Magic Dart        |    89 |    60 ||   149
         Searing Ray       |       |    13 ||    13
   Stab: Sleeping          |       |     2 ||     2
 Armour: Robe              |       |     1 ||     1
  Dodge: Dodged            |    11 |     9 ||    20

Levels and vault maps discovered:
D:1:      spicycebolla_arrival_ecumenical, layout_basic, serial_forest,
          infiniplex_forest_corner_1, infiniplex_forest_clump_long,
          infiniplex_forest_lined_room_2, infiniplex_forest_clump_double,
          infiniplex_forest_3_way, infiniplex_forest_clump_small,
          infiniplex_forest_clump_small
D:2:      layout_basic
D:3:      layout_loops_cross, mainiacjoe_overflow_six_doors_small
D:4:      layout_rooms, amcnicky_altar_gilded, minmay_lizard_king
D:5:      layout_basic, uniq_duvessa, uniq_edmund

Notes
Turn   | Place    | Note
-------+----------+-------------------------------------------
     0 | D:1      | quinnr the Tengu Conjurer began the quest for the Orb.
     0 | D:1      | Reached XP level 1. HP: 10/10 MP: 4/4
   227 | D:1      | Reached XP level 2. HP: 15/15 MP: 0/6
   483 | D:1      | Reached skill level 3 in Spellcasting
   883 | D:1      | Reached XP level 3. HP: 19/19 MP: 0/8
  1223 | D:2      | Learned a level 2 spell: Searing Ray
  1574 | D:2      | Learned a level 3 spell: Dazzling Flash
  1837 | D:3      | Found a shimmering altar of Xom.
  2072 | D:3      | Reached XP level 4. HP: 24/24 MP: 8/10
  2704 | D:4      | Learned a level 4 spell: Fulminant Prism
  2751 | D:5      | Entered Level 5 of the Dungeon
  2776 | D:5      | Gained mutation: Your magical nature lets you fly swiftly
                  | and evasively. [Tengu growth]
  2776 | D:5      | Reached XP level 5. HP: 8/28 MP: 0/11
  2908 | D:5      | Noticed an ice beast
  3093 | D:4      | Found an opulent altar of Gozag.
  3104 | D:4      | Reached skill level 3 in Dodging
  3104 | D:4      | Reached skill level 4 in Spellcasting
  3104 | D:4      | Reached skill level 1 in Hexes
  3280 | D:4      | Reached skill level 3 in Stealth
  3280 | D:4      | Reached skill level 6 in Conjurations
  3280 | D:4      | Reached XP level 6. HP: 32/32 MP: 0/13
  3973 | D:5      | Slain by an ice beast

Vanquished Creatures
  A scorpion (D:4)
  An orc priest (D:4)
  A sleepcap (D:5)
  3 iguanas (D:4)
  2 adders (D:4)
  5 dart slugs
  5 orcs
  9 ball pythons
  7 endoplasms
  4 giant cockroaches
  8 goblins
  5 hobgoblins
  6 kobolds
  4 bats
  13 frilled lizards
  6 rats
80 creatures vanquished.

Table legend: (Time is in decaauts)
 A = Elapsed time spent in this place.
 B = Non-inter-level travel time spent in this place.
 C = Inter-level travel time spent in this place.
 D = Time resting spent in this place.
 E = Time spent auto-exploring this place.
 F = Levels seen in this place.
 G = Mean time per level.
                   A        B        C        D        E       F      G
               +--------+--------+--------+--------+--------+-----+--------+
         Total |   3917 |   3788 |    129 |    120 |   3198 |   5 |  783.4 |
       Dungeon |   3917 |   3788 |    129 |    120 |   3198 |   5 |  783.4 |
               +--------+--------+--------+--------+--------+-----+--------+

Top non-repeatable levels by time:
     D:4: 1138 daAuts
     D:1: 1084 daAuts
     D:3: 861 daAuts
     D:2: 600 daAuts
     D:5: 233 daAuts

Table legend:
 A = Non-vault XP
 B = Vault XP
 C = Vault XP percentage of total XP
 D = Non-vault monster count
 E = Vault monster count
 F = Vault count percentage of total count
                 A         B        C        D         E       F
            +---------+---------+-------+---------+---------+-------
      Total |     386 |      46 |  10.6 |      69 |      11 |  13.8
            +---------+---------+-------+---------+---------+-------
        D:1 |      42 |       0 |   0.0 |      23 |       0 |   0.0
        D:2 |      22 |       0 |   0.0 |      13 |       0 |   0.0
        D:3 |      26 |       0 |   0.0 |      13 |       0 |   0.0
        D:4 |     258 |      46 |  15.1 |      19 |      11 |  36.7
        D:5 |      38 |       0 |   0.0 |       1 |       0 |   0.0
            +---------+---------+-------+---------+---------+-------

Levels and vault maps discovered:
D:1:      spicycebolla_arrival_ecumenical, layout_basic, serial_forest,
          infiniplex_forest_corner_1, infiniplex_forest_clump_long,
          infiniplex_forest_lined_room_2, infiniplex_forest_clump_double,
          infiniplex_forest_3_way, infiniplex_forest_clump_small,
          infiniplex_forest_clump_small
D:2:      layout_basic
D:3:      layout_loops_cross, mainiacjoe_overflow_six_doors_small
D:4:      layout_rooms, amcnicky_altar_gilded, minmay_lizard_king
D:5:      layout_basic, uniq_duvessa, uniq_edmund
